Map: Temple gelé

Players

HNIC

  • Race: Terran Terran
  • League: Silver

pupu - Winner!

  • Race: Protoss Protoss
  • League: Gold

VOD

Have the link to the VOD?

Description

Time

  • Played on: April 19, 2016, 8:33 a.m.
  • Length: 8:17
Show
View Real Time Build Order
Export as new Build Order

HNIC Terran 

Build Orders: MMM Bio 

Get SALT Encoding   

  12  0:01  SCV  
  13  0:13  SCV  
  14  0:18  Supply Depot  
  14  0:25  SCV  
  15  0:35  Refinery  
  15  0:40  SCV  
  16  0:46  Barracks  
  16  0:52  SCV  
  18  1:04  SCV  
  18  1:16  SCV  
  20  1:34  Reaper  
  20  1:37  Orbital Command  
  20  1:47  Command Center  
  20  1:59  Supply Depot  
  19  2:09  SCV  
  19  2:14  Barracks Reactor  
  20  2:21  SCV  
  20  2:22  Barracks  
  21  2:32  Factory  
  22  2:40  Refinery  
  22  2:42  SCV  
  22  2:52  Marine x2  
  24  3:00  Orbital Command  
  24  3:11  SCV  
  26  3:19  Barracks Tech Lab, Marine  
  26  3:20  Widow Mine  
  26  3:23  Starport  
  26  3:24  SCV  
  26  3:25  Marine  
  30  3:28  SCV  
  31  3:36  SCV  
  31  3:39  Stimpack  
  31  3:40  Marine  
  33  3:42  SCV  
  33  3:43  Marine  
  33  3:46  Marine  
  36  3:50  SCV  
  37  4:03  Engineering Bay  
  37  4:04  Medivac  
  37  4:07  Factory Reactor  
  39  4:16  Bunker  
  39  4:18  SCV  
  39  4:19  SCV  
  39  4:22  Marine  
  42  4:24  Marine  
  42  4:29  Marine  
  42  4:31  SCV  
  45  4:32  SCV  
  46  4:53  Supply Depot  
  46  4:54  Factory Reactor  
  46  4:55  Missile Turret  
  46  4:58  Missile Turret  
  46  5:15  Marine x3, SCV x2  
  51  5:27  SCV x2  
  53  5:32  Marine  
  54  5:35  Liberator  
  54  5:36  Liberator  
  54  5:39  Barracks  
  54  5:40  Marine x2, SCV x2  
  54  5:41  Barracks  
  53  5:50  Marine  
  53  5:52  SCV  
  56  6:02  Bunker  
  56  6:03  Missile Turret  
  56  6:06  SCV x2  
  56  6:08  Refinery x2  
  58  6:14  Missile Turret  
  59  6:18  SCV  
  59  6:20  Widow Mine  
  61  6:26  Supply Depot, Widow Mine  
  61  6:28  SCV  
  61  6:29  Marine x2  
  61  6:30  SCV  
  67  6:33  Combat Shields  
  67  6:40  SCV  
  67  6:42  SCV  
  69  6:55  Engineering Bay  
  69  6:59  Marine x3  
  69  7:00  Marine x2  
  74  7:17  Marine  
  53  7:46  Marine x2  
  53  7:47  Marine  
Show
View Real Time Build Order
Export as new Build Order

pupu Protoss - Winner!

Build Orders: 1 Gate Expand 

Get SALT Encoding   

  12  0:01  Probe (Chrono Boost)  
  13  0:12  Probe (Chrono Boost)  
  14  0:18  Pylon  
  14  0:22  Probe (Chrono Boost)  
  15  0:36  Probe (Chrono Boost)  
  15  0:38  Gateway  
  16  0:47  Probe (Chrono Boost)  
  17  0:55  Assimilator  
  17  0:57  Probe (Chrono Boost)  
  18  1:08  Probe (Chrono Boost)  
  19  1:22  Nexus  
  19  1:24  Probe (Chrono Boost)  
  20  1:36  Cybernetics Core  
  20  1:37  Probe (Chrono Boost)  
  21  2:00  Probe (Chrono Boost)  
  22  2:03  Assimilator  
  22  2:13  Probe (Chrono Boost)  
  22  2:15  Pylon  
  23  2:16  Warp Gate (Chrono Boost)  
  23  2:32  Robotics Facility  
  23  2:33  Probe  
  24  2:40  Stalker  
  26  2:46  Probe  
  26  2:47  Probe, Gateway  
  28  2:57  Probe, Gateway  
  28  2:58  Probe  
  30  3:06  Pylon  
  30  3:12  Probe  
  30  3:13  Probe  
  30  3:19  Observer  
  33  3:23  Probe  
  34  3:30  Probe, Twilight Council  
  34  3:32  Stalker  
  37  3:37  Probe  
  38  3:42  Observer  
  39  3:50  Probe  
  39  3:51  Probe, Assimilator  
  41  3:56  Pylon  
  41  4:02  Forge  
  41  4:09  Probe  
  41  4:10  Probe  
  41  4:11  Pylon  
  43  4:19  Probe  
  43  4:22  Probe, Charge (Chrono Boost)  
  45  4:25  Warp Prism  
  47  4:32  Probe  
  47  4:34  Probe  
  49  4:46  Probe  
  49  4:48  Probe  
  51  4:58  Probe, Zealot x3  
  57  5:00  Probe  
  57  5:02  Immortal  
  63  5:08  Pylon  
  63  5:09  Probe  
  63  5:11  Protoss Ground Weapons Level 1 (Chrono Boost)  
  63  5:12  Probe  
  63  5:14  Pylon  
  65  5:26  Stalker  
  65  5:27  Stalker x2  
  71  5:32  Photon Cannon  
  71  5:37  Probe, Pylon  
  71  5:39  Probe, Pylon  
  73  6:00  Zealot  
  73  6:01  Zealot x2  
  79  6:08  Gateway  
  79  6:10  Gateway  
  79  6:13  Gateway  
  79  6:16  Probe, Photon Cannon  
  79  6:17  Probe, Gateway  
  81  6:19  Pylon  
  81  6:20  Photon Cannon  
  81  6:21  Immortal  
  81  6:22  Pylon  
  85  6:34  Zealot  
  85  6:35  Zealot x2  
  91  6:56  Probe  
  91  6:57  Probe  
  89  7:22  Zealot x3  
  95  7:43  Zealot x3  
  97  7:58  Stalker x4  
Tags
 
Add a new tag
Caveats
  • Supply blocks, unpowered buildings, or Contaminate may cause inaccurate times.
  • Supply counts are checked every 10 seconds.